 Dungeon Crawl Stone Soup version 0.28-a0-980-g3664467d6e (webtiles) character file.

Game seed: 3321176666057770503

284 BinkBink the Chopper (level 6, -7/55 HPs)
             Began as a Minotaur Monk on Dec 2, 2021.
             Was a Believer of Okawaru.
             Mangled by a gnoll sergeant (10 damage)
             ... on level 4 of the Dungeon.
             The game lasted 00:06:39 (3419 turns).

BinkBink the Chopper (Minotaur Monk)                Turns: 3419, Time: 00:06:40

Health: -7/55      AC:  3    Str: 16    XL:     6   Next: 7%
Magic:  5/5        EV: 13    Int:  7    God:    Okawaru [**....]
Gold:   102        SH:  0    Dex: 14    Spells: 5/5 levels left

rFire   . . .      SeeInvis .   a - +0 hand axe
rCold   . . .      Faith    .   (no shield)
rNeg    . . .      Spirit   .   p - +0 leather armour
rPois   .          Reflect  .   (helmet restricted)
rElec   .          Harm     .   (no cloak)
rCorr   .          Rampage  .   (no gloves)
Will    .....                   (no boots)
Stlth   ++........              g - amulet of the acrobat
HPRegen 0.18/turn               j - ring of flight
MPRegen 0.09/turn               (no ring)

@: attractive, flying
A: horns 2, retaliatory headbutt
a: Renounce Religion, Heroism


You were on level 4 of the Dungeon.
You worshipped Okawaru.
Okawaru was pleased with you.
You visited 2 branches of the dungeon, and saw 5 of its levels.

You collected 102 gold pieces.

Inventory:

Hand Weapons
 a - a +0 hand axe (weapon)
Armour
 b - a +0 robe
 p - a +0 leather armour (worn)
Jewellery
 c - a ring of fire
 g - an amulet of the acrobat (around neck)
 j - a ring of flight (left hand)
Scrolls
 e - a scroll of fear {unknown}
 h - a scroll of vulnerability {unknown}
 i - a scroll of noise {unknown}
 k - a scroll of identify {unknown}
 l - 2 scrolls of teleportation {unknown}
 m - a scroll of fog {unknown}
 n - a scroll of blinking {unknown}
 o - a scroll of brand weapon {unknown}
Potions
 d - a potion of attraction
 f - a potion of curing {unknown}


   Skills:
 + Level 4.8 Fighting
 + Level 6.0 Axes
 * Level 2.9 Armour
 + Level 4.4 Dodging
 - Level 1.5 Stealth


You had 5 spell levels left.
You didn't know any spells.
Your spell library contained the following spells:

 Spells                   Type           Power      Damage    Failure   Level
 Magic Dart               Conj           0%         1d3       50%         1
 Mephitic Cloud           Conj/Pois/Air  0%         N/A       86%         3
 Portal Projectile        Hex/Tloc       0%         N/A       86%         3
 Leda's Liquefaction      Hex/Erth       0%         N/A       99%         4
 Call Imp                 Summ           Unusable   N/A       N/A         2
 Call Canine Familiar     Summ           Unusable   N/A       N/A         3

Dungeon Overview and Level Annotations

Branches:
Dungeon (4/15)             Temple (1/1) D:4

Altars:
Fedhas
Hepliaklqana
Makhleb
Okawaru
Qazlal
Sif Muna
Uskayaw
Wu Jian
Xom


Innate Abilities, Weirdness & Mutations

You have a pair of horns on your head.
You reflexively headbutt those who attack you in melee.


Message History

The gnoll hits you with a +0 flail! The gnoll barely misses you.
You furiously retaliate!
You headbutt the gnoll. You hit the gnoll.
The gnoll is almost dead.
The gnoll barely misses you.
The gnoll sergeant hits you from afar with a +0 spear!
You hit the adder but do no damage. You headbutt the adder!
The adder is severely wounded.
The adder completely misses you. The adder misses you. You furiously retaliate!
You headbutt the adder!
You kill the adder!
Okawaru accepts your kill.
An iguana comes into view.
The iguana hisses angrily.
The gnoll sergeant closely misses you.
You barely miss the gnoll sergeant. The gnoll sergeant closely misses you.
You furiously retaliate!
You headbutt the gnoll sergeant, but do no damage.
You hit the gnoll sergeant but do no damage.
The gnoll sergeant closely misses you.
The gnoll sergeant hits you from afar with a +0 spear.
The iguana completely misses you. You furiously retaliate!
You headbutt the iguana. You hit the iguana.
The iguana is moderately wounded.
The gnoll sergeant hits you from afar with a +0 spear!
* * * LOW HITPOINT WARNING * * *
The iguana barely misses you.
You hit the iguana.
The iguana is heavily wounded.
The gnoll sergeant completely misses you.
The iguana bites you!
* * * LOW HITPOINT WARNING * * *
You hit the iguana but do no damage.
The iguana is heavily wounded.
The gnoll sergeant barely misses you. The iguana barely misses you.
It was a potion of attraction.
You feel attractive to monsters.
The gnoll sergeant hits you from afar with a +0 spear!
You die...

##########...
#.Sg.@l......
##.########.#.
#.........#.#
#..#.####.#.#.###
#Sg#.............
#..#....#.#.#.###
#..####.#.#.#
#.g.......# #
#.#####.###.#


You could see a gnoll sergeant, an iguana and an adder.

Vanquished Creatures
  A scorpion (D:4)
  An orc priest (D:3)
  An orc wizard (D:3)
  A hound skeleton (D:4)
  3 adders
  5 gnolls
  A worm (D:2)
  4 dart slugs
  4 orcs
  7 endoplasms
  2 giant cockroaches (D:1)
  5 goblins
  4 hobgoblins
  6 jackals
  3 kobolds
  2 quokkas (D:1)
  6 ball pythons
  6 bats
  2 frilled lizards
  7 rats
71 creatures vanquished.

Notes
Turn   | Place    | Note
-------+----------+-------------------------------------------
     0 | D:1      | BinkBink the Minotaur Monk began the quest for the Orb.
     0 | D:1      | Reached XP level 1. HP: 19/19 MP: 0/0
    45 | D:1      | Reached XP level 2. HP: 18/27 MP: 1/1
   235 | D:1      | Reached skill level 1 in Armour
   258 | D:1      | Reached skill level 4 in Axes
   516 | D:1      | Reached XP level 3. HP: 33/33 MP: 2/2
  1213 | D:2      | Found a hazy altar of Hepliaklqana.
  1324 | D:2      | Reached XP level 4. HP: 23/40 MP: 3/3
  1659 | D:2      | Found a faded altar of an unknown god.
  1822 | D:3      | Reached skill level 5 in Axes
  1836 | D:3      | Reached XP level 5. HP: 5/47 MP: 4/4
  2176 | D:3      | Found an ornate altar of the Wu Jian Council.
  3177 | D:4      | Found a staircase to the Ecumenical Temple.
  3197 | Temple   | Entered the Ecumenical Temple
  3311 | Temple   | Became a worshipper of Warmaster Okawaru
  3311 | Temple   | Reached * piety under Okawaru
  3311 | Temple   | Reached ** piety under Okawaru
  3390 | D:4      | Reached skill level 6 in Axes
  3390 | D:4      | Reached XP level 6. HP: 50/55 MP: 5/5
  3417 | D:4      | HP: 2/55 [iguana (12)]
  3419 | D:4      | Mangled by a gnoll sergeant

Illustrated notes

Levels and vault maps discovered:
D:1:      heliophobic_arrival_henge, layout_rooms
D:2:      layout_loops_ring, hellmonk_ecumenical_altar_heavens_door,
          basic_altar, minmay_tetromino_l2
D:3:      layout_basic, mainiacjoe_overflow_small_starburst,
          minmay_misc_feat_rugged
D:4:      layout_basic, nicolae_kikubaaqudgha_miasma_corner,
          minmay_temple_entry_ruins, lightli_sewer_entry_pipes, uniq_ijyb
Temple:   nicolae_temple_figure_zero

Skill      XL: |  1  2  3  4  5 |
---------------+----------------+-----
Armour         | 1 2 |  2.9
Axes           | 4 5 6 |  6.0
Fighting       | 4 |  4.8
Dodging        | 4 |  4.4
Stealth        | |  1.5

Action                   |  1- 3 |  4- 6 || total
-------------------------+-------+-------++-------
Melee: Hand axe          |    94 |    83 ||   177
       Headbutt          |    16 |    16 ||    32
  Use: Potion            |       |     1 ||     1
 Stab: Sleeping          |     2 |     1 ||     3
Armor: Robe              |    19 |     3 ||    22
       Leather armour    |       |     1 ||     1
Dodge: Dodged            |    61 |    63 ||   124

Table legend: (Time is in decaauts)
 A = Elapsed time spent in this place.
 B = Non-inter-level travel time spent in this place.
 C = Inter-level travel time spent in this place.
 D = Time resting spent in this place.
 E = Time spent auto-exploring this place.
 F = Levels seen in this place.
 G = Mean time per level.
                   A        B        C        D        E       F      G
               +--------+--------+--------+--------+--------+-----+--------+
         Total |   3430 |   3355 |     75 |      0 |   2667 |   5 |  686.0 |
       Dungeon |   3302 |   3240 |     62 |      0 |   2558 |   4 |  825.5 |
        Temple |    127 |    114 |     13 |      0 |    109 |   1 |  127.0 |
               +--------+--------+--------+--------+--------+-----+--------+

Top non-repeatable levels by time:
     D:3: 1079 daAuts
     D:2: 921 daAuts
     D:1: 869 daAuts
     D:4: 432 daAuts
  Temple: 127 daAuts
